Construct Section Command Post
Selects Air and Sea Battlegroup
Construct Platoon Command Post
6-pounder Anti-tank Gun Team
Selects Commando Section Paradrop
Selects Commando Support Section Paradrop
6-pounder Anti-tank Gun Team
Construct Company Command Post
6-pounder Anti-tank Gun Team
Selects M1 Pack Howitzer Paradrop
Selects Anti-tank Rocket Loiter
Selects M1 Pack Howitzer Paradrop
Selects Commando Support Section Paradrop
Selects Anti-tank Rocket Loiter
Unlock M3 Grant Medium Tanks